 Dungeon Crawl Stone Soup version 0.26-a0-610-g3e9335bbc7 (webtiles) character file.

Game seed: 3677996478385596602

16236 Mitsuki the Arsonist (level 12, -19/68 HPs)
             Began as a Deep Elf Fire Elementalist on Sept 3, 2020.
             Was a High Priest of Vehumet.
             Killed from afar by a frost giant (27 damage)
             ... with a bolt of cold
             ... on level 10 of the Dungeon on Sept 4, 2020.
             The game lasted 01:15:19 (12370 turns).

Mitsuki the Arsonist (Deep Elf Fire Elementalist)  Turns: 12370, Time: 01:15:19

Health: -19/68     AC: 14    Str: 12    XL:     12   Next: 8%
Magic:  11/29      EV: 19    Int: 29    God:    Vehumet [*****.]
Gold:   402        SH:  5    Dex: 15    Spells: 9/34 levels left

rFire    . . .     SeeInvis .   C - +8 dagger of the Inferno {vorpal, MR- Str+4 Int+6}
rCold    . . .     Faith    .   c - +0 buckler
rNeg     . . .     Spirit   .   J - +0 troll leather armour
rPois    +         Reflect  .   D - +0 helmet
rElec    .         Harm     .   k - +0 cloak
rCorr    .                      H - +2 pair of gloves
MR       .....                  I - +0 pair of boots
Stlth    ++........             (no amulet)
HPRegen  0.61/turn              s - ring of poison resistance
MPRegen  0.21/turn              a - +4 ring of protection

@: no status effects
A: no striking features
a: Renounce Religion


You were on level 10 of the Dungeon.
You worshipped Vehumet.
Vehumet was extremely pleased with you.
You visited 3 branches of the dungeon, and saw 12 of its levels.

You collected 742 gold pieces.
You spent 340 gold pieces at shops.

Inventory:

Hand Weapons
 C - the +8 dagger of the Inferno (weapon) {vorpal, MR- Str+4 Int+6}
   (You found it on level 5 of the Dungeon)

   It inflicts extra damage upon your enemies.
   It affects your strength (+4).
   It affects your intelligence (+6).
   It affects your resistance to hostile enchantments.
Missiles
 r - a throwing net (quivered)
Armour
 c - a +0 buckler (worn)
 h - a +3 leather armour of fire resistance
 k - a +0 cloak (worn)
 D - a +0 helmet (worn)
 H - a +2 pair of gloves (worn)
 I - a +0 pair of boots (worn)
 J - a +0 troll leather armour (worn)
Magical Staves
 f - an uncursed staff of cold
Jewellery
 a - a +4 ring of protection (right hand)
 s - a ring of poison resistance (left hand)
Scrolls
 b - a scroll of enchant armour
 m - 5 scrolls of teleportation
 n - 2 scrolls of fear {unknown}
 t - a scroll of immolation {unknown}
 u - a scroll of magic mapping
 w - 3 scrolls of blinking {unknown}
 y - 3 scrolls of random uselessness {unknown}
 E - 3 scrolls of amnesia {unknown}
 F - a scroll of remove curse
 G - a scroll of vulnerability {unknown}
Potions
 e - 2 potions of magic
 g - 2 potions of haste
 j - a potion of brilliance
 l - a potion of invisibility
 p - 4 potions of flight
 z - 8 potions of curing
 A - a potion of heal wounds
Miscellaneous
 d - a phial of floods


   Skills:
 + Level 4.9 Fighting
 - Level 10.6 Dodging
 - Level 2.4 Stealth
 - Level 4.1 Shields
 + Level 11.7 Spellcasting
 + Level 7.4 Conjurations
 * Level 12.3 Fire Magic


You had 9 spell levels left.
You knew the following spells:

 Your Spells              Type           Power        Failure   Level
a - Foxfire               Conj/Fire      ####         1%          1
b - Shock                 Conj/Air       ####         1%          1
c - Ignite Poison         Fire/Tmut/Pois #####...     1%          3
d - Conjure Flame         Conj/Fire      ######..     1%          3
e - Inner Flame           Hex/Fire       ######..     1%          3
f - Fireball              Conj/Fire      ######....   1%          5
g - Fulminant Prism       Conj/Hex       #####.....   2%          4
h - Swiftness             Air            ###.....     6%          2
i - Mephitic Cloud        Conj/Pois/Air  ####....     1%          3

Your spell library contained the following spells:

 Spells                   Type           Power        Failure   Level
 Ozocubu's Refrigeration  Ice            ###.......   80%         6
 Static Discharge         Conj/Air       #####...     1%          3
 Sticky Flame             Conj/Fire      ######..     1%          4
 Poisonous Vapours        Pois/Air       ###...       6%          2
 Lightning Bolt           Conj/Air       #####.....   7%          5
 Airstrike                Air            ###.......   11%         4
 Ice Form                 Ice/Tmut       ###.....     36%         4
 Freezing Cloud           Conj/Ice/Air   ####......   45%         6
 Metabolic Englaciation   Hex/Ice        ###.......   73%         5
 Simulacrum               Ice/Necr       ###.......   99%         6


Dungeon Overview and Level Annotations

Branches:
Dungeon (10/15)            Temple (1/1) D:7            Lair (1/6) D:9
    Orc (0/2) D:9

Altars:
Ashenzari
Cheibriados
Dithmenos
Elyvilon
Fedhas
Hepliaklqana
Kikubaaqudgha
Makhleb
Nemelex Xobeh
Okawaru
Qazlal
Ru
Sif Muna
Trog
Uskayaw
Vehumet
Wu Jian
Xom
Yredelemnul
Zin
The Shining One

Shops:
D:4 *=   D:9 [

Annotations:
D:4 Menkaure
D:5 Dowan, Duvessa
Lair:1 Nergalle


Message History

The frost giant is engulfed in blazing flames.
Flame seeps out of the frost giant.
You now have 16/29 mp.
Casting: Fireball (dangerous; 1% risk of failure)
Confirm with . or Enter, or press ? or * to list all spells.
Aiming: Fireball (dangerous; 1% risk of failure)
Press: ? - help, Shift-Dir - straight line, f/p - frost giant
Aim: a frost giant, wielding the +7 broad axe "Cimiyw" {freeze, MP+9} (heavily wounded, inner flame)
The fireball explodes!
The fireball engulfs the frost giant!!
Flame seeps out of the frost giant.
The frost giant is almost dead.
The fireball engulfs your foxfire.
Your foxfire completely resists.
The foxfire hits the frost giant but does no damage.
The frost giant is almost dead.
The frost giant is engulfed in blazing flames.
Flame seeps out of the frost giant.
The frost giant gestures at you while chanting.
The bolt of cold hits you!!
You die...

....#.. #### ....#≈)
.... .....♣. .8.##
......≈ #..###.....
#..C§§... #...§§§#
#....@§# #....#<..#
#....#..## #..........
###########....#.....
##..##..........#.......
#...[......#............
###......####...........
#.>..#..............


You could see a frost giant (inner flame).

Vanquished Creatures
  2 two-headed ogres
  A gargoyle (D:10)
  2 komodo dragons (Lair:1)
  2 rime drakes
  A troll (D:9)
  Grinder (D:3)
  2 hippogriffs
  9 yaks
  6 water moccasins
  4 porcupines (D:9)
  2 sky beasts
  4 ice beasts
  2 orc warriors
  3 black bears (D:9)
  2 phantoms
  2 wolves (Lair:1)
  5 ogres
  2 crocodiles
  2 centaurs
  3 big kobolds
  4 bullfrogs
  5 scorpions
  A howler monkey (D:4)
  4 wights (D:10)
  A crimson imp (D:7)
  2 hounds (D:5)
  2 orc priests (D:9)
  Crazy Yiuf (D:2)
  4 bullfrog skeletons
  2 jellies
  Terence (D:2)
  Ijyb (D:5)
  5 iguanas
  11 orc wizards
  5 worker ants
  2 hound zombies
  A hound skeleton (D:7)
  6 howler monkey skeletons
  12 gnolls
  6 adders
  2 shadow imps
  2 ufetubi
  An adder zombie (D:9)
  3 worms
  2 dart slugs
  6 leopard geckos
  37 orcs
  8 bats
  6 giant cockroaches
  34 goblins
  28 hobgoblins
  14 jackals
  16 kobolds
  3 quokkas
  3 ball pythons
  4 frilled lizards
  A jackal zombie (D:8)
  A quokka zombie (D:5)
  8 rats
312 creatures vanquished.

Vanquished Creatures (others)
  1201 foxfires
  38 fungi
  37 plants
1276 creatures vanquished.

Grand Total: 1588 creatures vanquished

Notes
Turn   | Place    | Note
-------+----------+-------------------------------------------
     0 | D:1      | Mitsuki the Deep Elf Fire Elementalist began the quest for
                  | the Orb.
     0 | D:1      | Reached XP level 1. HP: 10/10 MP: 6/6
   396 | D:1      | Reached XP level 2. HP: 15/15 MP: 5/8
  1233 | D:2      | Reached XP level 3. HP: 19/19 MP: 5/9
  1295 | D:2      | Reached skill level 4 in Fire Magic
  1421 | D:2      | Noticed Terence
  1433 | D:2      | Killed Terence
  1433 | D:2      | Reached XP level 4. HP: 11/24 MP: 0/11
  1650 | D:2      | Found a radiant altar of Vehumet.
  1659 | D:2      | Became a worshipper of Vehumet
  1864 | D:2      | You fall into a shaft and drop 2 floors!
  1878 | D:3      | Noticed Grinder
  2090 | D:2      | Found a runed translucent door.
  2091 | D:2      | Noticed Crazy Yiuf
  2256 | D:2      | Killed Crazy Yiuf
  2796 | D:3      | Reached XP level 5. HP: 28/28 MP: 10/13
  2925 | D:3      | Found a stormy altar of Qazlal.
  3107 | D:3      | Paralysed by Grinder for 6 turns
  3130 | D:3      | Killed Grinder
  3130 | D:3      | Reached skill level 5 in Fire Magic
  3130 | D:3      | Reached XP level 6. HP: 27/32 MP: 1/15
  3610 | D:3      | Reached * piety under Vehumet
  3610 | D:3      | Offered knowledge of Freeze by Vehumet.
  3664 | D:3      | Reached skill level 5 in Spellcasting
  3891 | D:3      | Reached skill level 6 in Fire Magic
  4148 | D:3      | Offered knowledge of Shock by Vehumet.
  4149 | D:3      | Reached ** piety under Vehumet
  4158 | D:3      | Reached XP level 7. HP: 36/36 MP: 13/16
  4164 | D:3      | Learned a level 1 spell: Shock
  4533 | D:4      | Found Owazytri's Jewellery Emporium.
  4538 | D:4      | Bought an uncursed ring of poison resistance for 200 gold
                  | pieces
  4576 | D:4      | Offered knowledge of Ignite Poison by Vehumet.
  4581 | D:4      | Learned a level 3 spell: Ignite Poison
  4926 | D:4      | Reached skill level 5 in Dodging
  5070 | D:4      | Learned a level 3 spell: Conjure Flame
  5146 | D:4      | Noticed Menkaure
  5166 | D:4      | Found Vufeeth's General Store.
  5188 | D:4      | Bought a potion of heal wounds for 50 gold pieces
  5188 | D:4      | Bought a potion of curing for 30 gold pieces
  5188 | D:4      | Bought 2 scrolls of teleportation for 60 gold pieces
  5490 | D:5      | Entered Level 5 of the Dungeon
  5724 | D:5      | Reached *** piety under Vehumet
  5729 | D:5      | Learned a level 3 spell: Inner Flame
  5793 | D:5      | Got a brightly glowing dagger
  5794 | D:5      | Identified the +8 dagger of the Inferno {vorpal, MR- Str+4
                  | Int+6} (You found it on level 5 of the Dungeon)
  5841 | D:5      | Reached skill level 7 in Fire Magic
  5889 | D:5      | Reached XP level 8. HP: 41/41 MP: 14/19
  6042 | D:5      | Learned a level 5 spell: Fireball
  6047 | D:5      | Noticed Ijyb
  6085 | D:5      | Killed Ijyb
  6446 | D:5      | Offered knowledge of Fulminant Prism by Vehumet.
  6551 | D:5      | Noticed Duvessa
  6574 | D:5      | Noticed Dowan
  7082 | D:6      | Reached skill level 8 in Fire Magic
  7148 | D:6      | Got a crude hand axe
  7149 | D:6      | Identified the cursed +0 hand axe of Sin {pain, *Corrode
                  | Str+6 Int+4} (You found it on level 6 of the Dungeon)
  7198 | D:6      | Found an ornate altar of the Wu Jian Council.
  7237 | D:6      | Found a glowing silver altar of Zin.
  7238 | D:6      | Found an iron altar of Okawaru.
  7239 | D:6      | Found a white marble altar of Elyvilon.
  7713 | D:7      | Found a staircase to the Ecumenical Temple.
  8011 | D:7      | Learned a level 4 spell: Fulminant Prism
  8151 | D:7      | Found a bloodstained altar of Trog.
  8165 | D:7      | Found an ancient bone altar of Kikubaaqudgha.
  8168 | D:7      | Found a hazy altar of Hepliaklqana.
  8178 | D:7      | Found a sacrificial altar of Ru.
  8256 | D:7      | Found a shimmering altar of Xom.
  8256 | D:7      | Found a burning altar of Makhleb.
  8316 | D:7      | Reached XP level 9. HP: 46/46 MP: 22/24
  8647 | D:7      | Reached **** piety under Vehumet
  8757 | Temple   | Entered the Ecumenical Temple
  9063 | D:8      | Reached skill level 1 in Fighting
  9063 | D:8      | Reached skill level 5 in Conjurations
  9123 | D:8      | Reached skill level 9 in Fire Magic
  9215 | D:8      | Offered knowledge of Frozen Ramparts by Vehumet.
  9738 | D:9      | Found a staircase to the Orcish Mines.
 10182 | D:9      | Reached skill level 10 in Spellcasting
 10182 | D:9      | Reached skill level 10 in Fire Magic
 10308 | D:9      | Found a staircase to the Lair.
 10345 | D:9      | Reached XP level 10. HP: 56/56 MP: 19/26
 10479 | D:9      | Found a snail-covered altar of Cheibriados.
 10531 | D:9      | Found a shimmering blue altar of Sif Muna.
 10637 | D:9      | Found Uhyevott's Antique Armour Emporium.
 10699 | D:9      | Reached ***** piety under Vehumet
 10831 | D:9      | Noticed a two-headed ogre
 10840 | D:9      | Killed a two-headed ogre
 10840 | D:9      | Reached skill level 11 in Fire Magic
 10937 | D:9      | Offered knowledge of Ozocubu's Refrigeration by Vehumet.
 10981 | D:9      | Learned a level 2 spell: Swiftness
 11303 | Lair:1   | Entered Level 1 of the Lair of Beasts
 11337 | Lair:1   | Reached skill level 10 in Dodging
 11337 | Lair:1   | Reached XP level 11. HP: 61/61 MP: 28/28
 11571 | Lair:1   | Noticed Nergalle
 11683 | D:10     | Entered Level 10 of the Dungeon
 11688 | D:10     | Learned a level 3 spell: Mephitic Cloud
 11882 | D:10     | Reached skill level 12 in Fire Magic
 11885 | D:10     | Noticed a two-headed ogre
 11909 | D:10     | Killed a two-headed ogre
 11948 | D:9      | Reached XP level 12. HP: 68/68 MP: 6/29
 12361 | D:10     | Identified the +7 broad axe "Cimiyw" {freeze, MP+9}
 12361 | D:10     | Noticed a frost giant
 12370 | D:10     | Killed from afar by a frost giant

Illustrated notes

Levels and vault maps discovered:
D:1:      dpeg_arrival_pits, layout_loops_ring
D:2:      layout_loops_ring, lemuel_crystal_altar, serial_rivers,
          chequers_serial_rivers_small_a, chequers_serial_rivers_marsh,
          chequers_serial_rivers_marsh, chequers_serial_rivers_room_b,
          chequers_serial_rivers_room_b, uniq_crazy_yiuf_cottage, uniq_terence
D:3:      minmay_goblin_kobold_castle, layout_loops_ring,
          chequers_serial_rivers_micro_d, grunt_qazlal_clouds, uniq_grinder
D:4:      layout_loops_ring, serial_shops, nicolae_shop_statue_plus,
          nicolae_shop_statue_plus, uniq_menkaure
D:5:      layout_basic, marbit_many_paths, serial_park_tiny_2,
          kennysheep_generic_room_3, uniq_ijyb, uniq_duvessa
D:6:      layout_rooms, kennysheep_mini, minitemple
D:7:      layout_basic, grunt_temple_overflow_champion_of_chaos,
          grunt_temple_overflow_cloverleaf, minmay_temple_entry_glass
D:8:      layout_rooms
D:9:      layout_irregular_city, nicolae_overflow_crystal_walls,
          due_lair_maze_entry_diamond, serial_shops, shop, basic_altar
D:10:     minmay_coctagon, layout_cave_pools, biasface_ghost_orc_armoury,
          chequers_serial_rivers_marsh
Temple:   compressed_dpeg_triangle_lava_temple
Lair:1:   layout_regular_city, patterned_corridor, uniq_nergalle, uniq_harold

Skill      XL: |  1  2  3  4  5  6  7  8  9 10 11 |
---------------+----------------------------------+-----
Fire Magic     | 4 5 6 7 8 10 11 12 | 12.3
Dodging        | 3 4 5 6 10 | 10.6
Conjurations   | 2 3 4 6 7 |  7.4
Spellcasting   | 4 5 6 9 10 11 | 11.7
Fighting       | 3 4 |  4.9
Shields        | 4 |  4.1
Stealth        | |  2.4

Action                   |  1- 3 |  4- 6 |  7- 9 | 10-12 || total
-------------------------+-------+-------+-------+-------++-------
Melee: Short sword       |     5 |       |       |       ||     5
       Dagger            |     3 |     3 |    55 |    51 ||   112
       Unarmed           |       |       |    17 |       ||    17
 Cast: Foxfire           |    73 |   158 |   329 |   167 ||   727
       Conjure Flame     |       |       |    11 |     1 ||    12
       Inner Flame       |       |       |     6 |     6 ||    12
       Shock             |       |       |    16 |       ||    16
       Fireball          |       |       |     5 |    11 ||    16
       Mephitic Cloud    |       |       |       |     5 ||     5
       Ignite Poison     |       |       |       |     3 ||     3
       Swiftness         |       |       |       |     1 ||     1
  Use: Scroll            |       |     4 |     5 |    10 ||    19
       Potion            |       |       |       |     2 ||     2
 Stab: Sleeping          |     1 |     3 |     1 |     1 ||     6
Armor: Robe              |     5 |     9 |    24 |     1 ||    39
       Skin              |       |       |     1 |       ||     1
       Troll leather arm |       |       |       |    25 ||    25
Dodge: Dodged            |    14 |    12 |    98 |    78 ||   202
Block: Buckler           |       |       |       |    20 ||    20

Table legend: (Time is in decaauts)
 A = Elapsed time spent in this place.
 B = Non-inter-level travel time spent in this place.
 C = Inter-level travel time spent in this place.
 D = Time resting spent in this place.
 E = Time spent auto-exploring this place.
 F = Levels seen in this place.
 G = Mean time per level.
                   A        B        C        D        E       F      G
               +--------+--------+--------+--------+--------+-----+--------+
         Total |  12375 |  11690 |    685 |    724 |   8447 |  12 | 1031.2 |
       Dungeon |  11769 |  11099 |    670 |    718 |   8046 |  10 | 1176.9 |
        Temple |    272 |    257 |     15 |      0 |    256 |   1 |  272.0 |
          Lair |    332 |    332 |      0 |      6 |    145 |   1 |  332.0 |
               +--------+--------+--------+--------+--------+-----+--------+

Top non-repeatable levels by time:
     D:3: 2101 daAuts
     D:5: 1489 daAuts
     D:9: 1461 daAuts
     D:1: 1227 daAuts
     D:2: 1219 daAuts
     D:7: 1034 daAuts
     D:4: 995 daAuts
     D:8: 961 daAuts
     D:6: 727 daAuts
    D:10: 552 daAuts
  Lair:1: 332 daAuts
  Temple: 272 daAuts
